SL
D.C. DIVIDED @ CHARLESTON BATTERY
05/31/2046
 
TOP OF THE 1ST
D.C. Divided batting - Pitching for Charleston Battery : RHP Jalmari Lostedt
Pitching: RHP Jalmari Lostedt
Batting: LHB Sam Bickerton 0-0: Ground out U3 (Groundball, 34, EV 89.4 MPH)
Batting: LHB Jorge Quilez 0-0: Called Strike
0-1: Ball
1-1: Ball
2-1: Foul Ball, location: 2F
2-2: Ball
3-2: Foul Ball, location: 2F
3-2: Fly out, F8 (Flyball, 8RD, EV 79.4 MPH)
Batting: RHB Peni Ferede 0-0: Called Strike
0-1: Hit by Pitch
Batting: RHB Layton Arntsen 0-0: Ball
1-0: Called Strike
Peni Ferede steals 2nd base
1-1: DOUBLE (Flyball, 89D, EV 103.8 MPH)
Peni Ferede scores
Batting: RHB Kuniyoshi Kodo 0-0: Called Strike
0-1: Ball
1-1: Fly out, F1 (Popup, 15, EV 85.6 MPH)
Top of the 1st over - 1 run, 1 hit, 0 errors, 1 left on base; D.C. 1 - Charleston 0
BOTTOM OF THE 1ST
Charleston Battery batting - Pitching for D.C. Divided : RHP John Rigsby
Pitching: RHP John Rigsby
Batting: RHB Mike Case 0-0: Ball
1-0: DOUBLE (Line Drive, 78D, EV 112.5 MPH)
Batting: RHB Claudio Cabañas 0-0: Called Strike
0-1: SINGLE (Line Drive, 56, EV 105.0 MPH)
Mike Case to third
Batting: LHB Joey Coco 0-0: Grounds out, U3 (Groundball, 3L, EV 81.2 MPH)
Mike Case scores
Batting: RHB Bryant Dixon 0-0: Ball
1-0: Called Strike
1-1: Foul Ball, location: 2F
1-2: Ball
2-2: Ball
3-2: Reached on error, E3 (Groundball, 34, EV 89.4 MPH)
Claudio Cabañas to third
Batting: RHB Uoti Vaijärvi 0-0: Ball
1-0: Called Strike
Bryant Dixon steals 2nd base
1-1: Foul Ball, location: 2F
1-2: Fly out, F8 (Flyball, 8RM, EV 89.4 MPH)
Batting: LHB Alfonso López 0-0: Ground out U3 (Groundball, 3, EV 78.1 MPH)
Bottom of the 1st over - 1 run, 2 hits, 1 error, 2 left on base; D.C. 1 - Charleston 1
TOP OF THE 2ND
D.C. Divided batting - Pitching for Charleston Battery : RHP Jalmari Lostedt
Batting: LHB Rylen Roersma 0-0: Ground out 4-3 (Groundball, 4S, EV 90.6 MPH)
Batting: RHB Francisco Alhama 0-0: Swinging Strike
0-1: Ball
1-1: Ground out 5-3 (Groundball, 56S, EV 91.2 MPH)
Batting: LHB Cho-yun Yip 0-0: Ball
1-0: Ball
2-0: SOLO HOME RUN (Flyball, 78XD, EV 103.8 MPH), Distance : 413 ft
Batting: RHB Valerio Salviati 0-0: Called Strike
0-1: Ground out 5-3 (Groundball, 56S, EV 65.6 MPH)
Top of the 2nd over - 1 run, 1 hit, 0 errors, 0 left on base; D.C. 2 - Charleston 1
BOTTOM OF THE 2ND
Charleston Battery batting - Pitching for D.C. Divided : RHP John Rigsby
Batting: RHB Jon Huband 0-0: Called Strike
0-1: Ball
1-1: Ball
2-1: Foul Ball, location: 2F
2-2: Ball
3-2: Strikes out swinging
Batting: RHB Magnus Fjord 0-0: Foul Ball, location: 2F
0-1: Foul Ball, location: 2F
0-2: Foul Ball, location: 2F
0-2: Ball
1-2: Strikes out swinging
Batting: RHB Louie Kennard 0-0: Called Strike
0-1: Foul Ball, location: 2F
0-2: Ball
1-2: Ball
2-2: SINGLE (Groundball, 4M, EV 80.0 MPH) (infield hit)
Batting: RHB Mike Case 0-0: Ball
1-0: Foul Ball, location: 2F
1-1: Called Strike
1-2: Strikes out looking
Bottom of the 2nd over - 0 runs, 1 hit, 0 errors, 1 left on base; D.C. 2 - Charleston 1
TOP OF THE 3RD
D.C. Divided batting - Pitching for Charleston Battery : RHP Jalmari Lostedt
Batting: LHB Sam Bickerton 0-0: Fly out, F6 (Flyball, 5D, EV 78.8 MPH)
Batting: LHB Jorge Quilez 0-0: Called Strike
0-1: Fly out, F8 (Flyball, 8LM, EV 95.6 MPH)
Batting: RHB Peni Ferede 0-0: Fly out, F6 (Popup, 15, EV 73.1 MPH)
Top of the 3rd over - 0 runs, 0 hits, 0 errors, 0 left on base; D.C. 2 - Charleston 1
BOTTOM OF THE 3RD
Charleston Battery batting - Pitching for D.C. Divided : RHP John Rigsby
Batting: RHB Claudio Cabañas 0-0: Ball
1-0: Ball
2-0: Called Strike
2-1: Ground out 4-3 (Groundball, 4, EV 107.5 MPH)
Batting: LHB Joey Coco 0-0: Swinging Strike
0-1: Called Strike
0-2: Strikes out swinging
Batting: RHB Bryant Dixon 0-0: Ball
1-0: Foul Ball, location: 2F
1-1: Foul Ball, location: 2F
1-2: Ball
2-2: Ball
3-2: Base on Balls
Batting: RHB Uoti Vaijärvi 0-0: Called Strike
0-1: Called Strike
0-2: Ball
1-2: Fielders Choice at 2nd, 6-4 (Groundball, 6, EV 101.2 MPH)
Bottom of the 3rd over - 0 runs, 0 hits, 0 errors, 1 left on base; D.C. 2 - Charleston 1
TOP OF THE 4TH
D.C. Divided batting - Pitching for Charleston Battery : RHP Jalmari Lostedt
Batting: RHB Layton Arntsen 0-0: Ball
1-0: Called Strike
1-1: Ball
2-1: Ball
3-1: Ground out 3-1 (Groundball, 34, EV 85.0 MPH)
Batting: RHB Kuniyoshi Kodo 0-0: Ball
1-0: Called Strike
1-1: Foul Ball, location: 2F
1-2: Fly out, F8 (Line Drive, 8RD, EV 90.0 MPH)
Batting: LHB Rylen Roersma 0-0: Swinging Strike
0-1: Ball
1-1: Fly out, F9 (Flyball, 9D, EV 85.6 MPH)
Top of the 4th over - 0 runs, 0 hits, 0 errors, 0 left on base; D.C. 2 - Charleston 1
BOTTOM OF THE 4TH
Charleston Battery batting - Pitching for D.C. Divided : RHP John Rigsby
Batting: LHB Alfonso López 0-0: Called Strike
0-1: Ball
1-1: SINGLE (Groundball, 34D, EV 98.8 MPH)
Batting: RHB Jon Huband 0-0: Called Strike
0-1: Ball
Alfonso López is caught stealing 2nd base 2-4
1-1: Called Strike
1-2: Foul Ball, location: 2F
1-2: Ball
2-2: Foul Ball, location: 2F
2-2: Foul Ball, location: 2F
2-2: Ball
3-2: Foul Ball, location: 2F
3-2: Foul Ball, location: 2F
3-2: Strikes out swinging
Batting: RHB Magnus Fjord 0-0: Ground out 4-3 (Groundball, 13, EV 80.0 MPH)
Bottom of the 4th over - 0 runs, 1 hit, 0 errors, 0 left on base; D.C. 2 - Charleston 1
TOP OF THE 5TH
D.C. Divided batting - Pitching for Charleston Battery : RHP Jalmari Lostedt
Batting: RHB Francisco Alhama 0-0: Ball
1-0: Fly out, F8 (Flyball, 89S, EV 90.0 MPH)
Batting: LHB Cho-yun Yip 0-0: Called Strike
0-1: Fly out, F4 (Line Drive, 4, EV 68.1 MPH)
Batting: RHB Valerio Salviati 0-0: SINGLE (Groundball, P, EV 82.5 MPH) (infield hit)
Batting: LHB Sam Bickerton 0-0: Called Strike
Valerio Salviati is caught stealing 2nd base 2-6
Top of the 5th over - 0 runs, 1 hit, 0 errors, 0 left on base; D.C. 2 - Charleston 1
BOTTOM OF THE 5TH
Charleston Battery batting - Pitching for D.C. Divided : RHP John Rigsby
Batting: RHB Louie Kennard 0-0: SINGLE (Groundball, 6MD, EV 94.4 MPH)
Batting: RHB Mike Case 0-0: Bunted foul
0-1: Ball
1-1: Bunted foul
1-2: Ground out 5-3 (Groundball, 56S, EV 75.6 MPH)
Louie Kennard to second
Batting: RHB Claudio Cabañas 0-0: Ball
1-0: Ground out U3 (Groundball, 34, EV 94.4 MPH)
Louie Kennard to third
Batting: LHB Joey Coco 0-0: Ball
1-0: Swinging Strike
1-1: Foul Ball, location: 2F
1-2: Strikes out swinging
Bottom of the 5th over - 0 runs, 1 hit, 0 errors, 1 left on base; D.C. 2 - Charleston 1
TOP OF THE 6TH
D.C. Divided batting - Pitching for Charleston Battery : RHP Jalmari Lostedt
Batting: LHB Sam Bickerton 0-0: Ball
1-0: Foul Ball, location: 2F
1-1: Foul Ball, location: 2F
1-2: Foul Ball, location: 2F
1-2: Foul Ball, location: 2F
1-2: SINGLE (Groundball, 6D, EV 103.1 MPH)
Batting: LHB Jorge Quilez Balk!
Sam Bickerton to second
0-0: DOUBLE (Line Drive, 9LS, EV 91.9 MPH)
Sam Bickerton scores
Batting: RHB Peni Ferede 0-0: Foul Ball, location: 2F
0-1: Ball
1-1: Fly out, F3 (Popup, 3F, EV 81.9 MPH)
Batting: RHB Layton Arntsen 0-0: Ball
1-0: Ball
Jorge Quilez is caught stealing 3rd base 2-5
2-0: Ball
3-0: Called Strike
3-1: Ground out 5-3 (Groundball, 56S, EV 85.0 MPH)
Top of the 6th over - 1 run, 2 hits, 0 errors, 0 left on base; D.C. 3 - Charleston 1
BOTTOM OF THE 6TH
Charleston Battery batting - Pitching for D.C. Divided : RHP John Rigsby
Batting: RHB Bryant Dixon 0-0: Foul Ball, location: 2F
0-1: Ball
1-1: Fly out, F7 (Flyball, 78XD, EV 106.9 MPH)
Batting: RHB Uoti Vaijärvi 0-0: Called Strike
0-1: Swinging Strike
0-2: Ball
1-2: Ball
2-2: Strikes out swinging
Batting: LHB Alfonso López 0-0: Ball
1-0: Swinging Strike
1-1: Called Strike
1-2: Foul Ball, location: 2F
1-2: SINGLE (Groundball, 6S, EV 68.1 MPH) (infield hit)
Batting: RHB Jon Huband 0-0: Called Strike
0-1: Ball
1-1: Foul Ball, location: 2F
1-2: Ground out 4-3 (Groundball, 34D, EV 108.8 MPH)
Bottom of the 6th over - 0 runs, 1 hit, 0 errors, 1 left on base; D.C. 3 - Charleston 1
TOP OF THE 7TH
D.C. Divided batting - Pitching for Charleston Battery : RHP Jalmari Lostedt
Batting: RHB Kuniyoshi Kodo 0-0: Called Strike
0-1: Called Strike
0-2: Ball
1-2: Ball
2-2: Fly out, F7 (Flyball, 7, EV 91.9 MPH)
Batting: LHB Rylen Roersma 0-0: Ground out 4-3 (Groundball, 4, EV 105.6 MPH)
Batting: RHB Francisco Alhama 0-0: Called Strike
0-1: Ground out 5-3 (Groundball, 56S, EV 66.9 MPH)
Top of the 7th over - 0 runs, 0 hits, 0 errors, 0 left on base; D.C. 3 - Charleston 1
BOTTOM OF THE 7TH
Charleston Battery batting - Pitching for D.C. Divided : RHP John Rigsby
Pitching: RHP Ron Blackshaw
Batting: RHB Magnus Fjord 0-0: Called Strike
0-1: Swinging Strike
0-2: Ball
1-2: Foul Ball, location: 2F
1-2: Ball
2-2: Foul Ball, location: 2F
2-2: Foul Ball, location: 2F
2-2: Strikes out swinging
Batting: RHB Louie Kennard 0-0: Ball
1-0: Swinging Strike
1-1: Called Strike
1-2: Strikes out swinging
Batting: RHB Mike Case 0-0: Swinging Strike
0-1: SINGLE (Line Drive, 4M, EV 103.8 MPH)
Batting: RHB Claudio Cabañas 0-0: Ball
1-0: Reached on error, E6 (Groundball, 6, EV 90.6 MPH)
Mike Case to second
Batting: LHB Joey Coco 0-0: Ball
1-0: Ball
2-0: Ball
3-0: Called Strike
3-1: 3-RUN HOME RUN (Flyball, 89XD, EV 112.5 MPH), Distance : 437 ft
Pitching: RHP Manuel Ruíz
Batting: RHB Bryant Dixon 0-0: Foul Ball, location: 2F
0-1: Ground out U3 (Groundball, 3L, EV 93.1 MPH)
Bottom of the 7th over - 3 runs, 2 hits, 1 error, 0 left on base; D.C. 3 - Charleston 4
TOP OF THE 8TH
D.C. Divided batting - Pitching for Charleston Battery : RHP Jalmari Lostedt
Batting: LHB Cho-yun Yip 0-0: Ball
1-0: Foul Ball, location: 2F
1-1: Ball
2-1: Foul Ball, location: 2F
2-2: Ball
3-2: DOUBLE (Line Drive, 3D, EV 103.8 MPH)
Batting: RHB Valerio Salviati 0-0: Swinging Strike
0-1: Ground out 6-3 (Groundball, 6, EV 88.8 MPH)
Batting: LHB Sam Bickerton 0-0: Called Strike
0-1: Ball
1-1: Called Strike
1-2: Ball
2-2: Ground out U3 (Groundball, 3, EV 86.9 MPH)
Cho-yun Yip to third
Batting: LHB Jorge Quilez 0-0: Foul Ball, location: 2F
0-1: Ball
1-1: Foul Ball, location: 2F
1-2: SINGLE (Line Drive, 9S, EV 98.1 MPH)
Cho-yun Yip scores
Batting: RHB Peni Ferede 0-0: SINGLE (Line Drive, 9LS, EV 105.0 MPH)
Jorge Quilez to second
Runner from 2nd tries for 3rd, SAFE, no throw by RF
Batting: RHB Layton Arntsen 0-0: Ball
1-0: Ball
2-0: Ball
3-0: Called Strike
3-1: Swinging Strike
3-2: Strikes out swinging
Top of the 8th over - 1 run, 3 hits, 0 errors, 2 left on base; D.C. 4 - Charleston 4
BOTTOM OF THE 8TH
Charleston Battery batting - Pitching for D.C. Divided : RHP Manuel Ruíz
Batting: RHB Uoti Vaijärvi 0-0: Ball
1-0: Called Strike
1-1: Ball
2-1: Ball
3-1: Called Strike
3-2: SINGLE (Flyball, 56D, EV 93.1 MPH)
Batting: LHB Alfonso López 0-0: Sac Bunt to 13 - play at first, batter OUT! 1-4
Uoti Vaijärvi to second
Pinch Hitting: LHB Sébastien Cornu 0-0: Intentional Walk
Pinch Hitting: SHB William Anderson 0-0: Foul Ball, location: 2F
0-1: Swinging Strike
0-2: Strikes out swinging
Batting: RHB Louie Kennard 0-0: Called Strike
0-1: Called Strike
0-2: Strikes out swinging
Bottom of the 8th over - 0 runs, 1 hit, 0 errors, 2 left on base; D.C. 4 - Charleston 4
TOP OF THE 9TH
D.C. Divided batting - Pitching for Charleston Battery : RHP Jalmari Lostedt
Now in LF: David Mooney
Now in CF: Alexandre Prost
Batting: RHB Kuniyoshi Kodo 0-0: SINGLE (Line Drive, 3D, EV 105.6 MPH)
Batting: LHB Rylen Roersma 0-0: Ball
1-0: Ball
2-0: Ball
3-0: Base on Balls
Kuniyoshi Kodo to second
Pitching: RHP James Tucker
Pinch Runner at 2nd Kimi Okubo:
Batting: RHB Francisco Alhama 0-0: Sac Bunt to 15 - play at first, batter OUT! 1-4
Kimi Okubo to third
Rylen Roersma to second
Batting: LHB Cho-yun Yip 0-0: Intentional Walk
Batting: RHB Valerio Salviati 0-0: Ball
1-0: Fly out, F8 (Flyball, 8LS, EV 88.1 MPH)
Batting: LHB Sam Bickerton 0-0: Ball
1-0: Ball
2-0: Called Strike
2-1: Foul Ball, location: 2F
2-2: Strikes out swinging
Top of the 9th over - 0 runs, 1 hit, 0 errors, 3 left on base; D.C. 4 - Charleston 4
BOTTOM OF THE 9TH
Charleston Battery batting - Pitching for D.C. Divided : RHP Manuel Ruíz
Batting: RHB Mike Case 0-0: Ball
1-0: SINGLE (Groundball, 4M, EV 98.8 MPH)
Batting: RHB Claudio Cabañas 0-0: Bunted foul
0-1: Bunt missed!
0-2: Ball
1-2: Ball
2-2: SINGLE (Line Drive, 8LS, EV 94.4 MPH)
Mike Case to second
Batting: LHB Joey Coco 0-0: Ball
1-0: Fly out, F9 (Flyball, 89M, EV 85.0 MPH)
Runner from 2nd tags up, SAFE at 3rd with throw by RF
Batting: RHB Bryant Dixon 0-0: Foul Ball, location: 2F
0-1: Foul Ball, location: 2F
0-2: Ball
1-2: Ball
2-2: Foul Ball, location: 2F
2-2: Foul Ball, location: 2F
2-2: Fly out, F7 (Line Drive, 7, EV 91.2 MPH)
Runner from 3rd tags up, SCORES, no throw by LF
Bottom of the 9th over - 1 run, 2 hits, 0 errors, 0 left on base; D.C. 4 - Charleston 5
Game Over ... Charleston defeats D.C., 5 to 4
Wednesday, July 27th , 2022 - OOTP Baseball 22.12 Build 89